AoeStats
← borsuk.borowka

Arabia

504752099Analyzed
1v1 RM · 24d ago on Sep 6, 2026· 47m 13s· 2 players
Game mode
Random Map
Map size
Tiny (2 player)
Population
200
Speed
Normal
Resources
Standard
Victory
Conquest
Starting age
Dark Age
Ending age
Imperial Age
RankedLock teamsTeams togetherTeam positionsShared explorationLock speedFull tech treeHidden civsTurbo modeCheats
Victory
Defeat
707
+14
🇵🇱 Spanish · Poland
662
-31
borsuk.borowka
16:14 Feudal Age
18:49 Horse Collar
19:02 Gold Mining
19:06 Stone Mining
19:04 Double-Bit Axe
29:28 Castle Age
RiesenbohnenmitRiesenbohnen
10:24 Feudal Age
10:48 Horse Collar
10:56 Double-Bit Axe
17:23 Wheelbarrow
17:47 Bow Saw
18:27 Forging
19:41 Scale Barding Armor
22:34 Castle Age
24:25 Iron Casting
24:11 Chain Barding Armor
25:29 Two-Man Saw
25:07 Gold Mining
25:21 Cavalier
26:44 Stone Mining
26:57 Heavy Plow
29:11 Hand Cart
32:37 Burgundian Vineyards
35:37 Scale Mail Armor
40:18 Imperial Age
40:24 Paladin
42:08 Blast Furnace
41:45 Plate Barding Armor
41:26 Chain Mail Armor
40:42 Elite Coustillier
41:26 Capped Ram
Connection lost

Rejoining the realm…

Still unreachable

The connection could not be restored.

Session expired

The server has moved on; the page needs a fresh start.